Rangers vs Avalanche (R1)

Created - 10 mars 2016 at 19:46

Goals
1 2 3 T
Rangers 2 3 0 5
Avalanche 1 1 5 7
Shots
1 2 3 T
Rangers 10 10 10 30
Avalanche 14 7 15 36

1st period

1. Rangers , Jakob Silfverberg 8 (Mark Fistric) at 6:55
2. Rangers , Milan Lucic 31 (Brad Richards, Cam Barker) at 7:11
3. Avalanche , Andrew Ladd 14 (Marc Staal, Ryan Smyth) at 16:07

Penalties :
Andrew Ladd (Col) for Cross-checking (Minor) at 13:34, Bryan Little (Col) for Holding Stick (Minor) at 18:26

2nd period

4. Avalanche , Corey Perry 22 (Mike Comrie) at 1:12 (PP)
5. Rangers , Johan Franzen 19 (Ryan Whitney, Milan Lucic) at 1:26
6. Rangers , Jakob Silfverberg 9 (Matt Greene, Brad Richards) at 2:57
7. Rangers , Milan Lucic 32 (Johan Franzen, Ryan Whitney) at 9:10

Penalties :
Mike Cammalleri (NYR) for Holding (Minor) at 1:01, Ryan Whitney (NYR) for Roughing (Minor) at 3:41, Jakob Silfverberg (NYR) for Hooking (Minor) at 10:57, Sergei Gonchar (Col) for Roughing (Minor) at 14:50, Brad Richards (NYR) for High sticking (Minor) at 17:32

3rd period

8. Avalanche , Mike Comrie 20 (Marc Staal) at 11:29
9. Avalanche , Corey Perry 23 (Jason Pominville) at 12:13 (SH)
10. Avalanche , Ryan Smyth 13 (Marc Staal, Jack Johnson) at 15:03
11. Avalanche , Corey Perry 24 (Marc Staal, Mike Comrie) at 16:08 (PP)
12. Avalanche , Max Pacioretty 5 (Michal Handzus, Bryan Little) at 17:25

Penalties :
Mike Comrie (Col) for Hooking (Minor) at 3:10, Brad Richards (NYR) for Hooking (Minor) at 3:30, Andrew Ladd (Col) for Tripping (Minor) at 8:08, Milan Lucic (NYR) for Roughing (Minor) at 8:24, Ryan Smyth (Col) for Roughing (Minor) at 12:00, Milan Lucic (NYR) for Holding (Minor) at 15:08

Goalie Stats

Hannu Toivonen (NYR), 29 saves from 36 shots - (0,806), L, 13-12-1, 60:00 minutes
Semyon Varlamov (Col), 15 saves from 16 shots - (0,938), W, 12-6-2, 37:03 minutes
Jimmy Howard (Col), 10 saves from 14 shots - (0,714), 22:57 minutes

Players Stats for Rangers

Player Name              G  A  P  +/- PIM S  H  SB GA TA FO     MP     PP MP  PK MP  
------------------------------------------------------------------------------------
Alexei Emelin            0  0  0  -1  0   1  3  1  0  0  0/0    10:48   0:00   1:01 
Brad Richards            0  2  2   1  4   2  5  0  2  0  17/31  22:07   4:53   3:22 
Cam Barker               0  1  1   0  0   2  0  1  1  1  0/0    29:02   5:27   3:43 
Chris Bourque            0  0  0   0  0   1  1  2  0  0  0/0     8:48   0:00   1:57 
Drew Stafford            0  0  0   0  0   3  0  1  0  0  0/0    13:19   3:28   0:00 
Igor Radulov             0  0  0   0  0   1  3  0  0  1  0/1    10:58   0:00   0:38 
Jakob Silfverberg        2  0  2  -1  2   3  2  1  1  0  0/1     7:09   0:10   0:00 
Johan Franzen            1  1  2   1  0   1  0  0  0  1  0/0    18:46   4:54   1:15 
Mark Fistric             0  1  1   1  0   0  2  3  0  1  0/0    21:13   3:05   4:01 
Matt Greene              0  1  1   1  0   0  1  0  1  1  0/0    21:13   3:05   4:01 
Matt Read                0  0  0  -1  0   1  1  0  1  0  4/5    13:26   0:10   0:00 
Mike Cammalleri          0  0  0   0  2   1  3  0  0  0  1/2    13:05   3:28   0:00 
Milan Lucic              2  1  3   1  4   4  1  0  0  1  5/8    21:57   4:53   3:28 
Patrice Bergeron         0  0  0   0  0   3  1  1  0  0  3/5    16:26   3:28   2:27 
Radek Bonk               0  0  0  -1  0   3  0  0  0  0  3/8    12:54   0:10   0:02 
Ryan Whitney             0  2  2   0  2   1  2  2  2  1  0/0    28:00   5:27   2:42 
Staffan Kronwall         0  0  0  -1  0   1  0  0  0  0  0/0     9:45   0:00   0:00 
Valtteri Filppula        0  0  0   0  0   2  0  0  1  0  1/6     9:51   0:00   2:19 

Players Stats for Avalanche

Player Name              G  A  P  +/- PIM S  H  SB GA TA FO     MP     PP MP  PK MP  
------------------------------------------------------------------------------------
Andrew Ladd              1  0  1   1  4   1  1  2  1  1  1/1    13:54   3:52   0:36 
Brandon Yip              0  0  0  -1  0   0  1  0  0  0  0/0     9:55   0:25   0:00 
Bryan Little             0  1  1   0  2   5  1  0  0  0  1/4    12:20   3:50   0:00 
Chuck Kobasew            0  0  0   1  0   2  0  0  0  0  0/0     8:21   0:15   0:00 
Corey Perry              3  0  3  -2  0   5  0  0  3  1  7/19   23:47   3:27   5:24 
Jack Johnson             0  1  1   1  0   3  2  2  0  1  0/0    29:48   3:39   5:14 
Jason Pominville         0  1  1   1  0   3  3  0  0  0  2/2    19:59   3:35   5:24 
John-Michael Liles       0  0  0   0  0   1  0  0  0  0  0/0    10:47   0:00   0:00 
Marc Staal               0  4  4   1  0   0  1  1  2  2  0/0    29:48   3:39   5:14 
Max Pacioretty           1  0  1   1  0   1  0  0  0  0  0/0     8:17   0:00   0:19 
Michal Handzus           0  1  1   2  0   3  0  0  0  0  3/4    10:59   0:00   1:21 
Mike Comrie              1  2  3  -1  2   5  2  0  0  1  12/24  20:26   3:39   2:13 
Mikkel Boedker           0  0  0  -1  0   1  1  0  0  1  0/1     9:04   0:00   0:00 
Pernell Karl Subban      0  0  0  -1  0   2  0  1  0  0  0/0    19:25   4:05   3:18 
Ryan Getzlaf             0  0  0  -1  0   0  1  1  1  0  5/8    10:45   0:42   0:00 
Ryan Smyth               1  1  2  -1  2   3  3  1  0  0  2/4    20:11   3:27   1:47 
Sergei Gonchar           0  0  0   0  2   0  0  2  0  1  0/0    10:49   0:00   0:00 
Shane O'Brien            0  0  0  -1  0   1  1  1  0  1  0/0    19:25   4:05   3:18 

3 Stars

1 - Corey Perry (Col)
2 - Marc Staal (Col)
3 - Milan Lucic (NYR)

Power Play

Rangers - 0 on 6 Attempt(s) - 0,00%
Avalanche - 2 on 7 Attempt(s) - 28,57%

Penalty Kill

Rangers - 5 on 7 Attempt(s) - 71,43% - Score 0 goal in Penalty Kill
Avalanche - 6 on 6 Attempt(s) - 100,00% - Score 1 goal in Penalty Kill

Team Stat

Rangers - Hits : 25 - Faceoff Wins : 34 - Blocked Shots : 12 - Penalty Minutes : 14
Avalanche - Hits : 17 - Faceoff Wins : 33 - Blocked Shots : 11 - Penalty Minutes : 12

Official

Referees : Walkom Stephen and Furlatt Eric
Linesman : Brian Murphy and Darren Gibbs

Game Notes

Semyon Varlamov enters game at 2:57 of 2nd period
Corey Perry has scored a Hat Trick!

Finance

Level 1 -- Attendance: 5456 (90,93%) -- Ticket Income 458 304 $
Level 2 -- Attendance: 4942 (98,84%) -- Ticket Income 247 100 $
Level 3 -- Attendance: 1898 (94,90%) -- Ticket Income 53 144 $
Level 4 -- Attendance: 3995 (99,88%) -- Ticket Income 71 910 $
Luxury Box -- Attendance: 910 (91,00%) -- Ticket Income 151 970 $
Game was played at the Pepsi Center.
Total Attendance: 17201 (95,56%)
Total Ticket Income: 982 428 $
Other Income: 147 364 $
Total Income: 1 129 792 $

Rangers

5 vs 5 Forward 
   Center                   Left Wing                Right Wing               Time % Phy DF OF 
 1 Brad Richards            Milan Lucic              Johan Franzen            40     1   2  2  
 2 Patrice Bergeron         Mike Cammalleri          Drew Stafford            30     1   2  2  
 3 Radek Bonk               Igor Radulov             Matt Read                20     1   2  2  
 4 Valtteri Filppula        Chris Bourque            Jakob Silfverberg        10     1   2  2  

5 vs 5 Defense 
   Defense                  Defense                                           Time % Phy DF OF 
 1 Cam Barker               Ryan Whitney                                      40     1   2  2  
 2 Mark Fistric             Matt Greene                                       30     1   2  2  
 3 Staffan Kronwall         Alexei Emelin                                     20     1   2  2  
 4 Cam Barker               Ryan Whitney                                      10     1   2  2  

PowerPlay Forward 
   Center                   Left Wing                Right Wing               Time % Phy DF OF 
 1 Brad Richards            Milan Lucic              Johan Franzen            60     1   2  2  
 2 Patrice Bergeron         Mike Cammalleri          Drew Stafford            40     1   2  2  

PowerPlay Defense
   Defense                  Defense                                           Time % Phy DF OF 
 1 Cam Barker               Ryan Whitney                                      60     1   2  2  
 2 Mark Fistric             Matt Greene                                       40     1   2  2  

Penalty Kill 4 Players Forward 
   Center                   Wing                     Time % Phy DF OF 
 1 Milan Lucic              Brad Richards            60     1   2  2  
 2 Patrice Bergeron         Johan Franzen            40     1   2  2  

Penalty Kill 4 Players Defense
   Defense                  Defense                  Time % Phy DF OF 
 1 Cam Barker               Ryan Whitney             60     1   2  2  
 2 Mark Fistric             Matt Greene              40     1   2  2  

Penalty Kill - 3 Players Forward 
   Forward                                           Time % Phy DF OF 
 1 Milan Lucic                                       60     1   2  2  
 2 Brad Richards                                     40     1   2  2  

Penalty Kill - 3 Players Defense
   Defense                  Defense                  Time % Phy DF OF 
 1 Cam Barker               Ryan Whitney             60     1   2  2  
 2 Mark Fistric             Matt Greene              40     1   2  2  

4 vs 4 Forward 
   Center                   Wing                     Time % Phy DF OF 
 1 Milan Lucic              Brad Richards            60     1   2  2  
 2 Patrice Bergeron         Johan Franzen            40     1   2  2  

4 vs 4 Defense
   Defense                  Defense                  Time % Phy DF OF 
 1 Cam Barker               Ryan Whitney             60     1   2  2  
 2 Mark Fistric             Matt Greene              40     1   2  2  

Last Minutes Offensive
   Center                   Left Wing                Right Wing               Defense                  Defense                  
   Brad Richards            Milan Lucic              Johan Franzen            Cam Barker               Ryan Whitney             

Last Minutes Defensive
   Center                   Left Wing                Right Wing               Defense                  Defense                  
   Brad Richards            Milan Lucic              Johan Franzen            Cam Barker               Ryan Whitney             

Goaltenders
Starting : Hannu Toivonen           
Backup : Henrik Lundqvist         

Extra Forwards
Normal : Matt Read, Radek Bonk, Valtteri Filppula - PP : Matt Read, Radek Bonk - PK : Valtteri Filppula
Extra Defensemen
Normal : Staffan Kronwall, Alexei Emelin, Mark Fistric - PP : Staffan Kronwall - PK : Alexei Emelin, Mark Fistric
Penalty Shots
Milan Lucic, Brad Richards, Patrice Bergeron, Johan Franzen, Mike Cammalleri

Avalanche

5 vs 5 Forward 
   Center                   Left Wing                Right Wing               Time % Phy DF OF 
 1 Mike Comrie              Ryan Smyth               Corey Perry              40     1   2  2  
 2 Bryan Little             Andrew Ladd              Jason Pominville         30     1   2  2  
 3 Ryan Getzlaf             Mikkel Boedker           Brandon Yip              20     1   2  2  
 4 Michal Handzus           Max Pacioretty           Chuck Kobasew            10     1   2  2  

5 vs 5 Defense 
   Defense                  Defense                                           Time % Phy DF OF 
 1 Marc Staal               Jack Johnson                                      40     1   2  2  
 2 Shane O'Brien            Pernell Karl Subban                               30     1   2  2  
 3 Sergei Gonchar           John-Michael Liles                                20     1   2  2  
 4 Marc Staal               Jack Johnson                                      10     1   2  2  

PowerPlay Forward 
   Center                   Left Wing                Right Wing               Time % Phy DF OF 
 1 Mike Comrie              Ryan Smyth               Corey Perry              60     1   2  2  
 2 Bryan Little             Andrew Ladd              Jason Pominville         40     1   2  2  

PowerPlay Defense
   Defense                  Defense                                           Time % Phy DF OF 
 1 Marc Staal               Jack Johnson                                      60     1   2  2  
 2 Shane O'Brien            Pernell Karl Subban                               40     1   2  2  

Penalty Kill 4 Players Forward 
   Center                   Wing                     Time % Phy DF OF 
 1 Corey Perry              Jason Pominville         60     1   2  2  
 2 Ryan Smyth               Mike Comrie              40     1   2  2  

Penalty Kill 4 Players Defense
   Defense                  Defense                  Time % Phy DF OF 
 1 Marc Staal               Jack Johnson             60     1   2  2  
 2 Shane O'Brien            Pernell Karl Subban      40     1   2  2  

Penalty Kill - 3 Players Forward 
   Forward                                           Time % Phy DF OF 
 1 Corey Perry                                       60     1   2  2  
 2 Jason Pominville                                  40     1   2  2  

Penalty Kill - 3 Players Defense
   Defense                  Defense                  Time % Phy DF OF 
 1 Marc Staal               Jack Johnson             60     1   2  2  
 2 Shane O'Brien            Pernell Karl Subban      40     1   2  2  

4 vs 4 Forward 
   Center                   Wing                     Time % Phy DF OF 
 1 Corey Perry              Jason Pominville         60     1   2  2  
 2 Ryan Smyth               Mike Comrie              40     1   2  2  

4 vs 4 Defense
   Defense                  Defense                  Time % Phy DF OF 
 1 Marc Staal               Jack Johnson             60     1   2  2  
 2 Shane O'Brien            Pernell Karl Subban      40     1   2  2  

Last Minutes Offensive
   Center                   Left Wing                Right Wing               Defense                  Defense                  
   Mike Comrie              Ryan Smyth               Corey Perry              Marc Staal               Jack Johnson             

Last Minutes Defensive
   Center                   Left Wing                Right Wing               Defense                  Defense                  
   Mike Comrie              Ryan Smyth               Corey Perry              Marc Staal               Jack Johnson             

Goaltenders
Starting : Jimmy Howard             
Backup : Semyon Varlamov          

Extra Forwards
Normal : Ryan Getzlaf, Brandon Yip, Michal Handzus - PP : Ryan Getzlaf, Brandon Yip - PK : Michal Handzus
Extra Defensemen
Normal : Sergei Gonchar, John-Michael Liles, Shane O'Brien - PP : Sergei Gonchar - PK : John-Michael Liles, Shane O'Brien
Penalty Shots
Corey Perry, Jason Pominville, Ryan Smyth, Mike Comrie, Bryan Little

% Time on Ice - Rangers

Lines # - Real PCT - Wanted PCT - Time Play
Normal Forward
1 - 34% - 40% - 13:37
2 - 25% - 30% - 10:10
3 - 26% - 20% - 10:20
4 - 15% - 10% - 6:15
Normal Defense
1 - 42% - 40% - 16:58
2 - 32% - 30% - 12:50
3 - 24% - 20% - 9:45
4 - 2% - 10% - 0:49
PP Forward
1 - 59% - 60% - 5:04
2 - 41% - 40% - 3:28
PP Defense
1 - 64% - 60% - 5:27
2 - 36% - 40% - 3:05
PK Forward
1 - 84% - 60% - 6:29
2 - 16% - 40% - 1:15
PK Defense
1 - 51% - 60% - 3:58
2 - 49% - 40% - 3:46
PK3 Forward
1 - 0% - 60%
2 - 0% - 40%
PK3 Defense
1 - 0% - 60%
2 - 0% - 40%
44 Forward
1 - 100% - 60% - 3:22
2 - 0% - 40% - 0:00
44 Defense
1 - 62% - 60% - 2:05
2 - 38% - 40% - 1:17
Last Minute Offensive  - 0:00
Last Minute Defensive  - 0:00
Total
Forward - 60:00
Defense - 60:00

% Time on Ice - Avalanche

Lines # - Real PCT - Wanted PCT - Time Play
Normal Forward
1 - 33% - 40% - 13:11
2 - 25% - 30% - 10:09
3 - 22% - 20% - 9:04
4 - 20% - 10% - 7:58
Normal Defense
1 - 44% - 40% - 17:36
2 - 28% - 30% - 11:15
3 - 27% - 20% - 10:47
4 - 2% - 10% - 0:44
PP Forward
1 - 50% - 60% - 3:52
2 - 50% - 40% - 3:52
PP Defense
1 - 47% - 60% - 3:39
2 - 53% - 40% - 4:05
PK Forward
1 - 74% - 60% - 6:19
2 - 26% - 40% - 2:13
PK Defense
1 - 61% - 60% - 5:14
2 - 39% - 40% - 3:18
PK3 Forward
1 - 0% - 60%
2 - 0% - 40%
PK3 Defense
1 - 0% - 60%
2 - 0% - 40%
44 Forward
1 - 74% - 60% - 2:29
2 - 26% - 40% - 0:53
44 Defense
1 - 77% - 60% - 2:35
2 - 23% - 40% - 0:47
Last Minute Offensive  - 0:00
Last Minute Defensive  - 0:00
Total
Forward - 60:00
Defense - 60:00

Play by Play

1st period


0:01 of 1st period - Mike Comrie wins face-off versus Brad Richards in neutral zone.
0:13 of 1st period - Wrist shot by Brad Richards.
0:13 of 1st period - Shot Blocked by Marc Staal.
0:32 of 1st period - Andrew Ladd is hit by Mike Cammalleri and loses puck.
0:47 of 1st period - Snap shot by Patrice Bergeron.
0:47 of 1st period - Shot Blocked by Pernell Karl Subban.
0:49 of 1st period - Slapshot by Staffan Kronwall.
0:49 of 1st period - Stopped by Jimmy Howard without a rebound.
0:50 of 1st period - Michal Handzus wins face-off versus Radek Bonk in Avalanche zone.
0:50 of 1st period - Michal Handzus is hit by Igor Radulov.
1:40 of 1st period - Snap shot by Igor Radulov.
1:40 of 1st period - Shot Misses the Net.
1:46 of 1st period - Wrist shot by Igor Radulov.
1:46 of 1st period - Stopped by Jimmy Howard with a rebound.
1:48 of 1st period - Slapshot by Matt Greene.
1:48 of 1st period - Shot Blocked by Sergei Gonchar.
1:50 of 1st period - Slapshot by Matt Greene.
1:50 of 1st period - Shot Blocked by Sergei Gonchar.
1:52 of 1st period - Snap shot by Radek Bonk.
1:52 of 1st period - Stopped by Jimmy Howard with a rebound.
2:02 of 1st period - Slapshot by Igor Radulov.
2:02 of 1st period - Shot Misses the Net.
2:25 of 1st period - Wrist shot by Michal Handzus.
2:25 of 1st period - Deflect By Chuck Kobasew.
2:25 of 1st period - Stopped by Hannu Toivonen with a rebound.
2:27 of 1st period - Slapshot by Sergei Gonchar.
2:27 of 1st period - Deflect By Chuck Kobasew.
2:27 of 1st period - Shot Misses the Net.
2:27 of 1st period - Puck is out of play.
2:28 of 1st period - Brad Richards wins face-off versus Mike Comrie in Rangers zone.
2:39 of 1st period - Snap shot by Brad Richards.
2:39 of 1st period - Stopped by Jimmy Howard without a rebound.
2:40 of 1st period - Brad Richards wins face-off versus Mike Comrie in Avalanche zone.
3:05 of 1st period - Cam Barker is hit by Bryan Little and loses puck.
3:16 of 1st period - Wrist shot by Jason Pominville.
3:16 of 1st period - Shot Misses the Net.
4:11 of 1st period - Snap shot by Bryan Little.
4:11 of 1st period - Shot Blocked by Drew Stafford.
4:13 of 1st period - Slapshot by Jack Johnson.
4:13 of 1st period - Stopped by Hannu Toivonen without a rebound.
4:14 of 1st period - Jason Pominville wins face-off versus Jakob Silfverberg in Rangers zone.
4:25 of 1st period - Wrist shot by Valtteri Filppula.
4:25 of 1st period - Stopped by Jimmy Howard with a rebound.
5:38 of 1st period - Slapshot by Ryan Whitney.
5:38 of 1st period - Deflect By Matt Read.
5:38 of 1st period - Shot Misses the Net.
5:38 of 1st period - Puck is out of play.
5:39 of 1st period - Brad Richards wins face-off versus Corey Perry in Avalanche zone.
6:55 of 1st period - Snap shot by Jakob Silfverberg.
6:55 of 1st period - Goal by Jakob Silfverberg - Rangers : 1 - Avalanche : 0.
6:56 of 1st period - Mike Comrie wins face-off versus Brad Richards in neutral zone.
7:01 of 1st period - Backhand shot by Milan Lucic.
7:01 of 1st period - Shot Misses the Net.
7:09 of 1st period - Slapshot by Milan Lucic.
7:09 of 1st period - Shot Misses the Net.
7:11 of 1st period - Snap shot by Milan Lucic.
7:11 of 1st period - Goal by Milan Lucic - Rangers : 2 - Avalanche : 0.
7:12 of 1st period - Mike Comrie wins face-off versus Brad Richards in neutral zone.
8:03 of 1st period - Jack Johnson is hit by Mark Fistric and loses puck.
8:19 of 1st period - Jack Johnson is hit by Alexei Emelin and loses puck.
8:30 of 1st period - Jack Johnson is hit by Jakob Silfverberg and loses puck.
8:51 of 1st period - Wrist shot by Michal Handzus.
8:51 of 1st period - Stopped by Hannu Toivonen with a rebound.
9:37 of 1st period - Off-side.
9:38 of 1st period - Mike Comrie wins face-off versus Brad Richards in neutral zone.
9:49 of 1st period - Wrist shot by Corey Perry.
9:49 of 1st period - Stopped by Hannu Toivonen with a rebound.
9:51 of 1st period - Slapshot by John-Michael Liles.
9:51 of 1st period - Shot Misses the Net.
10:43 of 1st period - Backhand shot by Mike Comrie.
10:43 of 1st period - Shot Blocked by Alexei Emelin.
10:45 of 1st period - Wrist shot by Ryan Smyth.
10:45 of 1st period - Stopped by Hannu Toivonen without a rebound.
10:46 of 1st period - Bryan Little wins face-off versus Brad Richards in Rangers zone.
10:57 of 1st period - Wrist shot by Jason Pominville.
10:57 of 1st period - Stopped by Hannu Toivonen with a rebound.
10:59 of 1st period - Snap shot by Pernell Karl Subban.
10:59 of 1st period - Deflect By Bryan Little.
10:59 of 1st period - Shot Misses the Net.
10:59 of 1st period - Puck is out of play.
11:00 of 1st period - Brad Richards wins face-off versus Ryan Getzlaf in Rangers zone.
11:09 of 1st period - Snap shot by Milan Lucic.
11:09 of 1st period - Stopped by Jimmy Howard without a rebound.
11:10 of 1st period - Ryan Getzlaf wins face-off versus Brad Richards in Avalanche zone.
11:10 of 1st period - Ryan Getzlaf is hit by Brad Richards.
11:16 of 1st period - Brad Richards is hit by Ryan Getzlaf and loses puck.
11:31 of 1st period - Snap shot by Mikkel Boedker.
11:31 of 1st period - Shot Misses the Net.
11:45 of 1st period - Slapshot by Milan Lucic.
11:45 of 1st period - Shot Blocked by Ryan Getzlaf.
12:07 of 1st period - Wrist shot by Ryan Getzlaf.
12:07 of 1st period - Shot Misses the Net.
12:17 of 1st period - Slapshot by Jack Johnson.
12:17 of 1st period - Stopped by Hannu Toivonen without a rebound.
12:18 of 1st period - Patrice Bergeron wins face-off versus Bryan Little in Rangers zone.
12:27 of 1st period - Slapshot by Drew Stafford.
12:27 of 1st period - Stopped by Jimmy Howard with a rebound.
13:11 of 1st period - John-Michael Liles is hit by Alexei Emelin and loses puck.
13:22 of 1st period - Slapshot by Patrice Bergeron.
13:22 of 1st period - Shot Misses the Net.
13:24 of 1st period - Wrist shot by Patrice Bergeron.
13:24 of 1st period - Stopped by Jimmy Howard with a rebound.
13:26 of 1st period - Wrist shot by Patrice Bergeron.
13:26 of 1st period - Shot Misses the Net.
13:34 of 1st period - Minor Penalty to Andrew Ladd for Cross-checking.
13:35 of 1st period - Brad Richards wins face-off versus Corey Perry in Avalanche zone.
14:51 of 1st period - Drew Stafford is hit by Marc Staal and loses puck.
15:34 of 1st period - Penalty to Andrew Ladd is over, Andrew Ladd is back on ice.
15:39 of 1st period - Slapshot by Andrew Ladd.
15:39 of 1st period - Shot Misses the Net.
15:41 of 1st period - Snap shot by Mike Comrie.
15:41 of 1st period - Shot Misses the Net.
15:43 of 1st period - Snap shot by Mike Comrie.
15:43 of 1st period - Shot Blocked by Mark Fistric.
15:49 of 1st period - Snap shot by Mike Comrie.
15:49 of 1st period - Shot Misses the Net.
15:51 of 1st period - Snap shot by Ryan Smyth.
15:51 of 1st period - Shot Misses the Net.
15:59 of 1st period - Wrist shot by Ryan Smyth.
15:59 of 1st period - Shot Blocked by Mark Fistric.
16:01 of 1st period - Slapshot by Ryan Smyth.
16:01 of 1st period - Shot Misses the Net.
16:03 of 1st period - Snap shot by Ryan Smyth.
16:03 of 1st period - Shot Misses the Net.
16:05 of 1st period - Snap shot by Marc Staal.
16:05 of 1st period - Shot Misses the Net.
16:07 of 1st period - Wrist shot by Andrew Ladd.
16:07 of 1st period - Goal by Andrew Ladd - Rangers : 2 - Avalanche : 1.
16:08 of 1st period - Mike Cammalleri wins face-off versus Ryan Getzlaf in neutral zone.
16:33 of 1st period - Andrew Ladd is hit by Igor Radulov and loses puck.
16:44 of 1st period - Snap shot by Jason Pominville.
16:44 of 1st period - Stopped by Hannu Toivonen with a rebound.
16:46 of 1st period - Wrist shot by Bryan Little.
16:46 of 1st period - Stopped by Hannu Toivonen with a rebound.
16:58 of 1st period - Jack Johnson is hit by Brad Richards and loses puck.
17:20 of 1st period - Off-side.
17:21 of 1st period - Patrice Bergeron wins face-off versus Mike Comrie in neutral zone.
17:32 of 1st period - Wrist shot by Drew Stafford.
17:32 of 1st period - Shot Misses the Net.
17:40 of 1st period - Cam Barker is hit by Mike Comrie and loses puck.
17:51 of 1st period - Snap shot by Ryan Smyth.
17:51 of 1st period - Shot Blocked by Ryan Whitney.
17:53 of 1st period - Snap shot by Shane O'Brien.
17:53 of 1st period - Stopped by Hannu Toivonen with a rebound.
17:55 of 1st period - Snap shot by Ryan Smyth.
17:55 of 1st period - Shot Misses the Net.
17:57 of 1st period - Snap shot by Mike Comrie.
17:57 of 1st period - Deflect By Ryan Smyth.
17:57 of 1st period - Stopped by Hannu Toivonen with a rebound.
17:59 of 1st period - Wrist shot by Corey Perry.
17:59 of 1st period - Stopped by Hannu Toivonen with a rebound.
18:01 of 1st period - Snap shot by Corey Perry.
18:01 of 1st period - Shot Blocked by Cam Barker.
18:03 of 1st period - Slapshot by Pernell Karl Subban.
18:03 of 1st period - Stopped by Hannu Toivonen without a rebound.
18:04 of 1st period - Brad Richards wins face-off versus Bryan Little in Rangers zone.
18:04 of 1st period - Brad Richards is hit by Jason Pominville.
18:26 of 1st period - Minor Penalty to Bryan Little for Holding Stick.
18:27 of 1st period - Corey Perry wins face-off versus Brad Richards in Avalanche zone.
18:40 of 1st period - Corey Perry is hit by Brad Richards and loses puck.
19:56 of 1st period - Drew Stafford is hit by Andrew Ladd and loses puck.
Goals for this period are 2 for Rangers vs 1 for Avalanche.
Shots for this period are 10 for Rangers vs 14 for Avalanche.

2nd period


0:01 of 2nd period - Brad Richards wins face-off versus Corey Perry in neutral zone.
0:06 of 2nd period - Snap shot by Milan Lucic.
0:06 of 2nd period - Stopped by Jimmy Howard without a rebound.
0:07 of 2nd period - Brad Richards wins face-off versus Corey Perry in Avalanche zone.
0:26 of 2nd period - Penalty to Bryan Little is over, Bryan Little is back on ice.
0:34 of 2nd period - Wrist shot by Drew Stafford.
0:34 of 2nd period - Stopped by Jimmy Howard without a rebound.
0:35 of 2nd period - Ryan Getzlaf wins face-off versus Mike Cammalleri in Avalanche zone.
1:01 of 2nd period - Minor Penalty to Mike Cammalleri for Holding.
1:02 of 2nd period - Mike Comrie wins face-off versus Milan Lucic in Rangers zone.
1:12 of 2nd period - Snap shot by Corey Perry.
1:12 of 2nd period - Goal by Corey Perry - Rangers : 2 - Avalanche : 2.
1:13 of 2nd period - Brad Richards wins face-off versus Mike Comrie in neutral zone.
1:13 of 2nd period - Milan Lucic is hit by Ryan Smyth and loses puck.
1:20 of 2nd period - Slapshot by Ryan Whitney.
1:20 of 2nd period - Shot Misses the Net.
1:22 of 2nd period - Slapshot by Ryan Whitney.
1:22 of 2nd period - Shot Blocked by Jack Johnson.
1:24 of 2nd period - Slapshot by Ryan Whitney.
1:24 of 2nd period - Shot Misses the Net.
1:26 of 2nd period - Snap shot by Johan Franzen.
1:26 of 2nd period - Goal by Johan Franzen - Rangers : 3 - Avalanche : 2.
1:27 of 2nd period - Brad Richards wins face-off versus Mike Comrie in neutral zone.
1:52 of 2nd period - Jack Johnson is hit by Mike Cammalleri and loses puck.
2:57 of 2nd period - Snap shot by Jakob Silfverberg.
2:57 of 2nd period - Goal by Jakob Silfverberg - Rangers : 4 - Avalanche : 2.
2:57 of 2nd period - Semyon Varlamov enters game.
2:58 of 2nd period - Brad Richards wins face-off versus Mike Comrie in neutral zone.
3:41 of 2nd period - Minor Penalty to Ryan Whitney for Roughing.
3:42 of 2nd period - Milan Lucic wins face-off versus Mike Comrie in Rangers zone.
3:49 of 2nd period - Wrist shot by Ryan Smyth.
3:49 of 2nd period - Shot Misses the Net.
5:29 of 2nd period - Corey Perry is hit by Chris Bourque and loses puck.
5:41 of 2nd period - Penalty to Ryan Whitney is over, Ryan Whitney is back on ice.
5:48 of 2nd period - Andrew Ladd is hit by Mark Fistric and loses puck.
6:33 of 2nd period - Icing by Michal Handzus.
6:34 of 2nd period - Michal Handzus wins face-off versus Radek Bonk in Avalanche zone.
6:34 of 2nd period - Michal Handzus is hit by Matt Read.
7:12 of 2nd period - Slapshot by Michal Handzus.
7:12 of 2nd period - Stopped by Hannu Toivonen with a rebound.
7:43 of 2nd period - Slapshot by Chuck Kobasew.
7:43 of 2nd period - Shot Misses the Net.
8:03 of 2nd period - Wrist shot by Igor Radulov.
8:03 of 2nd period - Shot Misses the Net.
8:05 of 2nd period - Slapshot by Radek Bonk.
8:05 of 2nd period - Stopped by Semyon Varlamov with a rebound.
8:07 of 2nd period - Slapshot by Alexei Emelin.
8:07 of 2nd period - Stopped by Semyon Varlamov with a rebound.
8:09 of 2nd period - Snap shot by Matt Read.
8:09 of 2nd period - Shot Misses the Net.
8:29 of 2nd period - Slapshot by Igor Radulov.
8:29 of 2nd period - Shot Misses the Net.
8:31 of 2nd period - Wrist shot by Radek Bonk.
8:31 of 2nd period - Deflect By Matt Read.
8:31 of 2nd period - Stopped by Semyon Varlamov without a rebound.
8:32 of 2nd period - Mike Comrie wins face-off versus Brad Richards in Avalanche zone.
8:32 of 2nd period - Mike Comrie is hit by Ryan Whitney.
8:38 of 2nd period - Johan Franzen is hit by Ryan Smyth and loses puck.
8:57 of 2nd period - Cam Barker is hit by Brandon Yip.
9:08 of 2nd period - Wrist shot by Johan Franzen.
9:08 of 2nd period - Shot Blocked by Jack Johnson.
9:10 of 2nd period - Snap shot by Milan Lucic.
9:10 of 2nd period - Goal by Milan Lucic - Rangers : 5 - Avalanche : 2.
9:11 of 2nd period - Mike Comrie wins face-off versus Patrice Bergeron in neutral zone.
10:38 of 2nd period - Andrew Ladd is hit by Brad Richards and loses puck.
10:57 of 2nd period - Minor Penalty to Jakob Silfverberg for Hooking.
10:58 of 2nd period - Mike Comrie wins face-off versus Milan Lucic in Rangers zone.
11:05 of 2nd period - Slapshot by Mike Comrie.
11:05 of 2nd period - Stopped by Hannu Toivonen with a rebound.
12:30 of 2nd period - Mark Fistric is hit by Jason Pominville and loses puck.
12:57 of 2nd period - Penalty to Jakob Silfverberg is over, Jakob Silfverberg is back on ice.
14:15 of 2nd period - Wrist shot by Chuck Kobasew.
14:15 of 2nd period - Stopped by Hannu Toivonen with a rebound.
14:17 of 2nd period - Slapshot by John-Michael Liles.
14:17 of 2nd period - Stopped by Hannu Toivonen with a rebound.
14:44 of 2nd period - Snap shot by Jakob Silfverberg.
14:44 of 2nd period - Stopped by Semyon Varlamov with a rebound.
14:50 of 2nd period - Minor Penalty to Sergei Gonchar for Roughing.
14:51 of 2nd period - Brad Richards wins face-off versus Corey Perry in Avalanche zone.
16:50 of 2nd period - Penalty to Sergei Gonchar is over, Sergei Gonchar is back on ice.
16:58 of 2nd period - Michal Handzus is hit by Jakob Silfverberg.
16:59 of 2nd period - Icing by Michal Handzus.
17:00 of 2nd period - Andrew Ladd wins face-off versus Valtteri Filppula in Avalanche zone.
17:07 of 2nd period - Snap shot by Chris Bourque.
17:07 of 2nd period - Stopped by Semyon Varlamov without a rebound.
17:08 of 2nd period - Corey Perry wins face-off versus Valtteri Filppula in Avalanche zone.
17:08 of 2nd period - Corey Perry is hit by Alexei Emelin.
17:13 of 2nd period - Icing by Mike Comrie.
17:14 of 2nd period - Mike Comrie wins face-off versus Milan Lucic in Avalanche zone.
17:14 of 2nd period - Mike Comrie is hit by Brad Richards.
17:30 of 2nd period - Wrist shot by Mike Comrie.
17:30 of 2nd period - Stopped by Hannu Toivonen with a rebound.
17:32 of 2nd period - Minor Penalty to Brad Richards for High sticking.
17:33 of 2nd period - Milan Lucic wins face-off versus Ryan Smyth in Rangers zone.
17:33 of 2nd period - Milan Lucic is hit by Mike Comrie.
18:09 of 2nd period - Slapshot by Bryan Little.
18:09 of 2nd period - Stopped by Hannu Toivonen with a rebound.
18:11 of 2nd period - Snap shot by Bryan Little.
18:11 of 2nd period - Shot Misses the Net.
18:13 of 2nd period - Slapshot by Bryan Little.
18:13 of 2nd period - Shot Blocked by Ryan Whitney.
18:15 of 2nd period - Backhand shot by Andrew Ladd.
18:15 of 2nd period - Shot Misses the Net.
19:32 of 2nd period - Penalty to Brad Richards is over, Brad Richards is back on ice.
Goals for this period are 3 for Rangers vs 1 for Avalanche.
Shots for this period are 10 for Rangers vs 7 for Avalanche.

3rd period


0:01 of 3rd period - Brad Richards wins face-off versus Mike Comrie in neutral zone.
0:26 of 3rd period - Bryan Little is hit by Ryan Whitney and loses puck.
0:35 of 3rd period - Wrist shot by Bryan Little.
0:35 of 3rd period - Stopped by Hannu Toivonen without a rebound.
0:36 of 3rd period - Patrice Bergeron wins face-off versus Mike Comrie in Rangers zone.
0:45 of 3rd period - Snap shot by Patrice Bergeron.
0:45 of 3rd period - Shot Misses the Net.
0:47 of 3rd period - Slapshot by Mark Fistric.
0:47 of 3rd period - Deflect By Drew Stafford.
0:47 of 3rd period - Shot Misses the Net.
0:47 of 3rd period - Puck is out of play.
0:48 of 3rd period - Milan Lucic wins face-off versus Mike Comrie in Avalanche zone.
0:53 of 3rd period - Wrist shot by Milan Lucic.
0:53 of 3rd period - Shot Misses the Net.
1:13 of 3rd period - Andrew Ladd is hit by Patrice Bergeron and loses puck.
1:20 of 3rd period - Wrist shot by Drew Stafford.
1:20 of 3rd period - Shot Misses the Net.
1:22 of 3rd period - Wrist shot by Mike Cammalleri.
1:22 of 3rd period - Shot Misses the Net.
1:33 of 3rd period - Off-side.
1:34 of 3rd period - Radek Bonk wins face-off versus Ryan Getzlaf in neutral zone.
2:12 of 3rd period - Wrist shot by Johan Franzen.
2:12 of 3rd period - Shot Blocked by Andrew Ladd.
2:26 of 3rd period - Wrist shot by Bryan Little.
2:26 of 3rd period - Shot Blocked by Mark Fistric.
3:08 of 3rd period - Snap shot by Matt Read.
3:08 of 3rd period - Shot Hit the Post.
3:10 of 3rd period - Minor Penalty to Mike Comrie for Hooking.
3:11 of 3rd period - Brad Richards wins face-off versus Corey Perry in Avalanche zone.
3:30 of 3rd period - Minor Penalty to Brad Richards for Hooking.
3:31 of 3rd period - Milan Lucic wins face-off versus Corey Perry in Rangers zone.
3:42 of 3rd period - Wrist shot by Milan Lucic.
3:42 of 3rd period - Shot Misses the Net.
3:44 of 3rd period - Slapshot by Ryan Whitney.
3:44 of 3rd period - Stopped by Semyon Varlamov without a rebound.
3:45 of 3rd period - Milan Lucic wins face-off versus Corey Perry in Avalanche zone.
4:00 of 3rd period - Snap shot by Matt Read.
4:00 of 3rd period - Shot Misses the Net.
4:23 of 3rd period - Slapshot by Cam Barker.
4:23 of 3rd period - Stopped by Semyon Varlamov without a rebound.
4:24 of 3rd period - Ryan Smyth wins face-off versus Valtteri Filppula in Avalanche zone.
4:54 of 3rd period - Matt Read is hit by Shane O'Brien and loses puck.
5:07 of 3rd period - Backhand shot by Radek Bonk.
5:07 of 3rd period - Shot Misses the Net.
5:10 of 3rd period - Penalty to Mike Comrie is over, Mike Comrie is back on ice.
5:30 of 3rd period - Penalty to Brad Richards is over, Brad Richards is back on ice.
5:49 of 3rd period - Brad Richards is hit by Jack Johnson.
6:01 of 3rd period - Wrist shot by Mike Comrie.
6:01 of 3rd period - Deflect By Patrice Bergeron.
6:01 of 3rd period - Shot Blocked by Patrice Bergeron.
6:01 of 3rd period - Puck is out of play.
6:02 of 3rd period - Mike Comrie wins face-off versus Radek Bonk in Rangers zone.
6:51 of 3rd period - Snap shot by Mikkel Boedker.
6:51 of 3rd period - Shot Hit the Post.
7:16 of 3rd period - Icing by Michal Handzus.
7:17 of 3rd period - Michal Handzus wins face-off versus Radek Bonk in Avalanche zone.
7:22 of 3rd period - Snap shot by Matt Read.
7:22 of 3rd period - Shot Blocked by Shane O'Brien.
7:24 of 3rd period - Snap shot by Radek Bonk.
7:24 of 3rd period - Stopped by Semyon Varlamov without a rebound.
7:25 of 3rd period - Mike Comrie wins face-off versus Radek Bonk in Avalanche zone.
7:50 of 3rd period - Wrist shot by Patrice Bergeron.
7:50 of 3rd period - Stopped by Semyon Varlamov with a rebound.
7:52 of 3rd period - Slapshot by Ryan Whitney.
7:52 of 3rd period - Shot Blocked by Andrew Ladd.
7:56 of 3rd period - Snap shot by Patrice Bergeron.
7:56 of 3rd period - Deflect By Mike Cammalleri.
7:56 of 3rd period - Stopped by Semyon Varlamov with a rebound.
7:58 of 3rd period - Snap shot by Patrice Bergeron.
7:58 of 3rd period - Shot Misses the Net.
8:00 of 3rd period - Snap shot by Drew Stafford.
8:00 of 3rd period - Stopped by Semyon Varlamov with a rebound.
8:08 of 3rd period - Minor Penalty to Andrew Ladd for Tripping.
8:09 of 3rd period - Brad Richards wins face-off versus Corey Perry in Avalanche zone.
8:12 of 3rd period - Snap shot by Brad Richards.
8:12 of 3rd period - Stopped by Semyon Varlamov without a rebound.
8:13 of 3rd period - Corey Perry wins face-off versus Brad Richards in Avalanche zone.
8:13 of 3rd period - Corey Perry is hit by Milan Lucic.
8:24 of 3rd period - Minor Penalty to Milan Lucic for Roughing.
8:25 of 3rd period - Matt Read wins face-off versus Corey Perry in Rangers zone.
8:30 of 3rd period - Snap shot by Jason Pominville.
8:30 of 3rd period - Stopped by Hannu Toivonen without a rebound.
8:31 of 3rd period - Matt Read wins face-off versus Corey Perry in Rangers zone.
8:46 of 3rd period - Snap shot by Cam Barker.
8:46 of 3rd period - Stopped by Semyon Varlamov with a rebound.
9:13 of 3rd period - Off-side.
9:14 of 3rd period - Matt Read wins face-off versus Ryan Smyth in neutral zone.
9:21 of 3rd period - Slapshot by Valtteri Filppula.
9:21 of 3rd period - Stopped by Semyon Varlamov without a rebound.
9:22 of 3rd period - Matt Read wins face-off versus Corey Perry in Avalanche zone.
10:08 of 3rd period - Penalty to Andrew Ladd is over, Andrew Ladd is back on ice.
10:24 of 3rd period - Penalty to Milan Lucic is over, Milan Lucic is back on ice.
10:37 of 3rd period - Milan Lucic is hit by Mikkel Boedker and loses puck.
10:49 of 3rd period - Off-side.
10:50 of 3rd period - Radek Bonk wins face-off versus Michal Handzus in neutral zone.
11:23 of 3rd period - Off-side.
11:24 of 3rd period - Mike Comrie wins face-off versus Brad Richards in neutral zone.
11:29 of 3rd period - Wrist shot by Mike Comrie.
11:29 of 3rd period - Goal by Mike Comrie - Rangers : 5 - Avalanche : 3.
11:30 of 3rd period - Brad Richards wins face-off versus Mike Comrie in neutral zone.
11:43 of 3rd period - Snap shot by Milan Lucic.
11:43 of 3rd period - Deflect By Brad Richards.
11:43 of 3rd period - Shot Blocked by Ryan Smyth.
11:43 of 3rd period - Puck is out of play.
11:44 of 3rd period - Brad Richards wins face-off versus Mike Comrie in Avalanche zone.
12:00 of 3rd period - Minor Penalty to Ryan Smyth for Roughing.
12:01 of 3rd period - Corey Perry wins face-off versus Brad Richards in Avalanche zone.
12:13 of 3rd period - Snap shot by Corey Perry.
12:13 of 3rd period - Goal by Corey Perry - Rangers : 5 - Avalanche : 4.
12:14 of 3rd period - Corey Perry wins face-off versus Brad Richards in neutral zone.
12:29 of 3rd period - Cam Barker is hit by Jason Pominville.
12:39 of 3rd period - Jack Johnson is hit by Mike Cammalleri and loses puck.
13:09 of 3rd period - Icing by Matt Greene.
13:10 of 3rd period - Corey Perry wins face-off versus Patrice Bergeron in Rangers zone.
13:19 of 3rd period - Corey Perry is hit by Matt Greene and loses puck.
13:26 of 3rd period - Wrist shot by Brad Richards.
13:26 of 3rd period - Shot Misses the Net.
14:00 of 3rd period - Penalty to Ryan Smyth is over, Ryan Smyth is back on ice.
14:07 of 3rd period - Matt Read is hit by Jack Johnson and loses puck.
14:25 of 3rd period - Snap shot by Ryan Smyth.
14:25 of 3rd period - Shot Misses the Net.
14:27 of 3rd period - Slapshot by Michal Handzus.
14:27 of 3rd period - Shot Misses the Net.
14:41 of 3rd period - Snap shot by Ryan Smyth.
14:41 of 3rd period - Shot Misses the Net.
14:49 of 3rd period - Wrist shot by Ryan Smyth.
14:49 of 3rd period - Shot Blocked by Chris Bourque.
14:51 of 3rd period - Wrist shot by Mike Comrie.
14:51 of 3rd period - Shot Blocked by Jakob Silfverberg.
14:55 of 3rd period - Wrist shot by Mike Comrie.
14:55 of 3rd period - Stopped by Hannu Toivonen with a rebound.
14:57 of 3rd period - Slapshot by Mike Comrie.
14:57 of 3rd period - Stopped by Hannu Toivonen with a rebound.
14:59 of 3rd period - Snap shot by Jack Johnson.
14:59 of 3rd period - Stopped by Hannu Toivonen with a rebound.
15:01 of 3rd period - Snap shot by Marc Staal.
15:01 of 3rd period - Shot Blocked by Chris Bourque.
15:03 of 3rd period - Slapshot by Marc Staal.
15:03 of 3rd period - Deflect By Ryan Smyth.
15:03 of 3rd period - Goal by Ryan Smyth - Rangers : 5 - Avalanche : 5.
15:04 of 3rd period - Ryan Getzlaf wins face-off versus Brad Richards in neutral zone.
15:08 of 3rd period - Minor Penalty to Milan Lucic for Holding.
15:09 of 3rd period - Jason Pominville wins face-off versus Valtteri Filppula in Rangers zone.
15:17 of 3rd period - Snap shot by Bryan Little.
15:17 of 3rd period - Deflect By Jason Pominville.
15:17 of 3rd period - Shot Misses the Net.
15:17 of 3rd period - Puck is out of play.
15:18 of 3rd period - Valtteri Filppula wins face-off versus Bryan Little in Rangers zone.
15:40 of 3rd period - Wrist shot by Andrew Ladd.
15:40 of 3rd period - Shot Misses the Net.
15:48 of 3rd period - Wrist shot by Bryan Little.
15:48 of 3rd period - Stopped by Hannu Toivonen with a rebound.
15:50 of 3rd period - Snap shot by Andrew Ladd.
15:50 of 3rd period - Shot Misses the Net.
15:56 of 3rd period - Slapshot by Bryan Little.
15:56 of 3rd period - Shot Misses the Net.
15:58 of 3rd period - Slapshot by Pernell Karl Subban.
15:58 of 3rd period - Shot Misses the Net.
16:00 of 3rd period - Wrist shot by Bryan Little.
16:00 of 3rd period - Stopped by Hannu Toivonen with a rebound.
16:02 of 3rd period - Slapshot by Pernell Karl Subban.
16:02 of 3rd period - Stopped by Hannu Toivonen without a rebound.
16:03 of 3rd period - Ryan Smyth wins face-off versus Valtteri Filppula in Rangers zone.
16:06 of 3rd period - Slapshot by Corey Perry.
16:06 of 3rd period - Shot Misses the Net.
16:08 of 3rd period - Slapshot by Marc Staal.
16:08 of 3rd period - Deflect By Corey Perry.
16:08 of 3rd period - Goal by Corey Perry - Rangers : 5 - Avalanche : 6.
16:09 of 3rd period - Radek Bonk wins face-off versus Mikkel Boedker in neutral zone.
16:44 of 3rd period - Johan Franzen is hit by Ryan Smyth and loses puck.
17:21 of 3rd period - Snap shot by Michal Handzus.
17:21 of 3rd period - Stopped by Hannu Toivonen with a rebound.
17:25 of 3rd period - Slapshot by Max Pacioretty.
17:25 of 3rd period - Goal by Max Pacioretty - Rangers : 5 - Avalanche : 7.
17:26 of 3rd period - Ryan Getzlaf wins face-off versus Igor Radulov in neutral zone.
17:34 of 3rd period - Icing by Radek Bonk.
17:35 of 3rd period - Ryan Getzlaf wins face-off versus Matt Read in Rangers zone.
18:08 of 3rd period - Snap shot by Mikkel Boedker.
18:08 of 3rd period - Stopped by Hannu Toivonen with a rebound.
18:16 of 3rd period - Jack Johnson is hit by Igor Radulov and loses puck.
18:27 of 3rd period - Slapshot by Mark Fistric.
18:27 of 3rd period - Deflect By Matt Read.
18:27 of 3rd period - Shot Misses the Net.
18:27 of 3rd period - Puck is out of play.
18:28 of 3rd period - Corey Perry wins face-off versus Brad Richards in Avalanche zone.
19:02 of 3rd period - Snap shot by Patrice Bergeron.
19:02 of 3rd period - Stopped by Semyon Varlamov with a rebound.
Goals for this period are 0 for Rangers vs 5 for Avalanche.
Shots for this period are 10 for Rangers vs 15 for Avalanche.